[ PARTIDA AOE2 · #480631999 ]
UnrankedBohemios vs Spanish
[ ANÁLISIS DE REPETICIÓN · EXTRAÍDO DE LA PARTIDA GRABADA ]
Feudal
—
Castillos
—
Imperial
—
| APM promedio | 8.9 |
| APM pico | 31 |
| eAPM promedio | 7.5 |
| Aldeanos / militares | 85 / 141 |
Foco
⚔️ 37.7% · 🌾 62.3%
Hand Cannoneer ×75 · Bombard Cannon ×37 · Spearman ×28 · Trade Cart ×21 · Monk ×1
Feudal
13:59
Castillos
25:09
Imperial
37:39
| APM promedio | 25.4 |
| APM pico | 110 |
| eAPM promedio | 20.0 |
| Aldeanos / militares | 131 / 618 |
Foco
⚔️ 51.4% · 🌾 48.6%
Skirmisher ×247 · Knight ×180 · Spearman ×70 · Conquistador ×56 · Militia ×48 · Trade Cart ×33
Feudal
12:41
Castillos
18:48
Imperial
33:28
| APM promedio | 19.6 |
| APM pico | 48 |
| eAPM promedio | 12.3 |
| Aldeanos / militares | 157 / 976 |
Foco
⚔️ 42.3% · 🌾 57.7%
Spearman ×446 · Hand Cannoneer ×256 · Skirmisher ×100 · Scout Cavalry ×99 · Coustillier ×40 · Bombard Cannon ×30
Feudal
12:31
Castillos
19:52
Imperial
32:43
| APM promedio | 21.1 |
| APM pico | 147 |
| eAPM promedio | 17.9 |
| Aldeanos / militares | 176 / 407 |
Foco
⚔️ 23.9% · 🌾 76.1%
Knight ×193 · Skirmisher ×80 · Hand Cannoneer ×35 · Teutonic Knight ×21 · Archer ×20 · Cavalry Archer ×20
Mapa de la partida
Recursos iniciales + cada clic de construcción. Líneas = muros · curvas = relieve. ◆ oro · ⬟ piedra · ● bayas · ✦ reliquia · ◌ hueco del cierre
Tu base· ✓ Cerrada en 20:06 · 48t muro · sin puerta
Base de lord_alien75· ✓ Cerrada en 25:09 · 55t muro · sin puerta
Base de Brenolks· ✓ Cerrada en 18:48 · 22t muro · sin puerta
Base de frog· ✓ Cerrada en 19:52 · 20t muro · sin puerta
Terreno inicial suavizado · ◌ = hueco del cierre detectado · pasá el cursor para detalles
Inputs por minuto
— BrunoPereira9 - - lord_alien75
Build order — BrunoPereira9
Primeras 150 de 387 acciones detectadas
| 0:02 | Crear | Villager (Male) |
| 0:02 | Crear | Villager (Male) |
| 0:02 | Crear | Villager (Male) |
| 0:09 | Investigar | Loom |
| 0:13 | Construir | House |
| 0:53 | Construir | Palisade Wall |
| 1:13 | Crear | Villager (Male) |
| 1:13 | Crear | Villager (Male) |
| 1:14 | Crear | Villager (Male) |
| 1:14 | Crear | Villager (Male) |
| 1:14 | Crear | Villager (Male) |
| 2:23 | Construir | House |
| 2:47 | Construir | House |
| 3:19 | Crear | Villager (Male) |
| 3:19 | Crear | Villager (Male) |
| 3:20 | Crear | Villager (Male) |
| 3:33 | Construir | Palisade Wall |
| 4:23 | Crear | Villager (Male) |
| 4:23 | Crear | Villager (Male) |
| 4:23 | Crear | Villager (Male) |
| 4:42 | Crear | Villager (Male) |
| 4:42 | Crear | Villager (Male) |
| 5:33 | Crear | Villager (Male) |
| 5:34 | Crear | Villager (Male) |
| 5:34 | Crear | Villager (Male) |
| 6:03 | Crear | Villager (Male) |
| 6:03 | Crear | Villager (Male) |
| 6:04 | Crear | Villager (Male) |
| 6:27 | Crear | Villager (Male) |
| 6:27 | Crear | Villager (Male) |
| 8:41 | Construir | Mill |
| 8:50 | Construir | Lumber Camp |
| 8:53 | Crear | Villager (Male) |
| 9:55 | Investigar | Feudal Age |
| 10:49 | Construir | Mill |
| 11:11 | Construir | House |
| 12:07 | Investigar | Double-Bit Axe |
| 12:09 | Crear | Villager (Male) |
| 12:10 | Crear | Villager (Male) |
| 12:11 | Crear | Villager (Male) |
| 12:49 | Crear | Villager (Male) |
| 12:50 | Crear | Villager (Male) |
| 12:50 | Crear | Villager (Male) |
| 12:50 | Crear | Villager (Male) |
| 12:50 | Crear | Villager (Male) |
| 13:32 | Construir | Mining Camp |
| 13:41 | Investigar | Horse Collar |
| 13:58 | Construir | Market |
| 14:42 | Construir | House |
| 14:46 | Investigar | Wheelbarrow |
| 15:45 | Construir | Stone Wall |
| 15:57 | Construir | Stone Wall |
| 16:06 | Crear | Villager (Male) |
| 16:06 | Crear | Villager (Male) |
| 16:06 | Crear | Villager (Male) |
| 16:15 | Construir | Farm |
| 16:18 | Construir | Farm |
| 16:21 | Construir | Farm |
| 16:27 | Construir | Farm |
| 16:31 | Construir | House |
| 16:44 | Construir | Farm |
| 16:47 | Construir | Farm |
| 17:17 | Crear | Villager (Male) |
| 17:18 | Crear | Villager (Male) |
| 17:18 | Crear | Villager (Male) |
| 17:19 | Crear | Villager (Male) |
| 17:19 | Crear | Villager (Male) |
| 17:19 | Crear | Villager (Male) |
| 17:50 | Construir | Stone Wall |
| 17:57 | Crear | Villager (Male) |
| 17:58 | Crear | Villager (Male) |
| 18:06 | Construir | Farm |
| 18:11 | Construir | Farm |
| 18:16 | Construir | Farm |
| 18:33 | Construir | Farm |
| 18:42 | Construir | Blacksmith |
| 18:48 | Construir | Farm |
| 19:06 | Construir | Farm |
| 19:21 | Construir | Farm |
| 19:42 | Construir | Farm |
| 19:53 | Construir | Farm |
| 19:59 | Construir | Farm |
| 20:03 | Construir | Farm |
| 20:06 | Investigar | Castle Age |
| 20:23 | Crear | Trade Cart |
| 20:24 | Crear | Trade Cart |
| 20:25 | Crear | Trade Cart |
| 20:59 | Construir | House |
| 21:36 | Crear | Trade Cart |
| 21:37 | Crear | Trade Cart |
| 21:42 | Crear | Trade Cart |
| 22:29 | Construir | House |
| 22:47 | Construir | House |
| 23:43 | Construir | Town Center |
| 23:59 | Crear | Villager (Male) |
| 24:00 | Crear | Villager (Male) |
| 24:25 | Crear | Villager (Male) |
| 24:25 | Crear | Villager (Male) |
| 24:25 | Crear | Villager (Male) |
| 24:32 | Construir | House |
| 24:42 | Crear | Villager (Male) |
| 24:42 | Crear | Villager (Male) |
| 24:42 | Crear | Villager (Male) |
| 24:42 | Crear | Villager (Male) |
| 24:44 | Investigar | Heavy Plow |
| 25:09 | Construir | Town Center |
| 25:15 | Investigar | Caravan |
| 25:40 | Construir | House |
| 27:14 | Construir | Castle |
| 27:30 | Construir | Town Center |
| 27:54 | Construir | Monastery |
| 28:17 | Crear | Villager (Male) |
| 28:17 | Crear | Villager (Male) |
| 28:18 | Crear | Villager (Male) |
| 28:18 | Crear | Villager (Male) |
| 28:19 | Crear | Villager (Male) |
| 28:20 | Crear | Villager (Male) |
| 28:20 | Crear | Villager (Male) |
| 28:20 | Crear | Villager (Male) |
| 28:25 | Investigar | Heavy Plow |
| 29:36 | Construir | Castle |
| 29:57 | Investigar | Imperial Age |
| 29:59 | Crear | Monk |
| 30:26 | Construir | Market |
| 30:49 | Construir | Farm |
| 31:23 | Crear | Villager (Male) |
| 31:24 | Crear | Villager (Male) |
| 31:25 | Crear | Villager (Male) |
| 31:25 | Crear | Villager (Male) |
| 31:25 | Crear | Villager (Male) |
| 31:26 | Crear | Villager (Male) |
| 31:27 | Crear | Villager (Male) |
| 31:27 | Crear | Villager (Male) |
| 31:38 | Construir | Farm |
| 31:40 | Construir | Farm |
| 31:42 | Construir | Farm |
| 31:46 | Construir | Farm |
| 31:50 | Construir | Farm |
| 31:53 | Crear | Villager (Male) |
| 31:54 | Crear | Villager (Male) |
| 31:55 | Crear | Villager (Male) |
| 31:56 | Crear | Villager (Male) |
| 31:58 | Crear | Villager (Male) |
| 31:58 | Crear | Villager (Male) |
| 32:03 | Crear | Villager (Male) |
| 32:03 | Crear | Villager (Male) |
| 32:09 | Construir | Farm |
| 32:13 | Crear | Trade Cart |
| 32:13 | Crear | Trade Cart |
| 32:13 | Crear | Trade Cart |
Build order — lord_alien75
Primeras 150 de 1034 acciones detectadas
| 0:03 | Investigar | Loom |
| 0:03 | Crear | Villager (Male) ×4 |
| 0:04 | Crear | Villager (Male) ×4 |
| 0:09 | Construir | House |
| 0:57 | Construir | House |
| 0:59 | Construir | House |
| 1:00 | Construir | House |
| 1:02 | Construir | Palisade Wall |
| 1:59 | Crear | Villager (Male) |
| 2:26 | Crear | Villager (Male) |
| 2:26 | Crear | Villager (Male) |
| 2:26 | Crear | Villager (Male) |
| 2:38 | Construir | Palisade Wall |
| 3:04 | Crear | Villager (Male) |
| 3:04 | Crear | Villager (Male) |
| 3:04 | Crear | Villager (Male) |
| 3:18 | Crear | Villager (Male) |
| 3:41 | Crear | Villager (Male) |
| 3:41 | Crear | Villager (Male) |
| 4:11 | Crear | Villager (Male) |
| 4:11 | Crear | Villager (Male) |
| 4:30 | Crear | Villager (Male) |
| 4:44 | Crear | Villager (Male) |
| 4:49 | Crear | Villager (Male) |
| 4:49 | Crear | Villager (Male) |
| 5:09 | Crear | Villager (Male) |
| 5:09 | Crear | Villager (Male) |
| 5:44 | Crear | Villager (Male) |
| 5:45 | Crear | Villager (Male) |
| 5:45 | Crear | Villager (Male) |
| 6:17 | Crear | Villager (Male) |
| 6:17 | Crear | Villager (Male) |
| 6:17 | Crear | Villager (Male) |
| 6:44 | Crear | Villager (Male) |
| 6:44 | Crear | Villager (Male) |
| 6:44 | Crear | Villager (Male) |
| 7:24 | Crear | Villager (Male) |
| 7:25 | Crear | Villager (Male) |
| 7:25 | Crear | Villager (Male) |
| 7:55 | Crear | Villager (Male) |
| 7:55 | Crear | Villager (Male) |
| 7:55 | Crear | Villager (Male) |
| 7:56 | Crear | Villager (Male) |
| 7:56 | Crear | Villager (Male) |
| 7:56 | Crear | Villager (Male) |
| 7:56 | Crear | Villager (Male) |
| 7:56 | Crear | Villager (Male) |
| 7:57 | Crear | Villager (Male) |
| 8:30 | Construir | House |
| 9:16 | Construir | House |
| 9:23 | Crear | Villager (Male) |
| 9:23 | Crear | Villager (Male) |
| 9:35 | Construir | Mill |
| 9:41 | Construir | House |
| 9:45 | Construir | House |
| 9:46 | Construir | House |
| 10:31 | Construir | Lumber Camp |
| 10:51 | Construir | Mill |
| 11:06 | Construir | Mining Camp |
| 11:09 | Investigar | Feudal Age |
| 11:32 | Construir | House |
| 11:35 | Construir | House |
| 11:54 | Construir | Mining Camp |
| 13:59 | Edad | Edad Feudal |
| 14:01 | Investigar | Wheelbarrow |
| 14:08 | Construir | Stone Wall |
| 14:12 | Investigar | Stone Mining |
| 14:14 | Investigar | Gold Mining |
| 14:17 | Investigar | Double-Bit Axe |
| 14:19 | Investigar | Horse Collar |
| 14:21 | Investigar | Town Watch |
| 14:29 | Crear | Villager (Male) |
| 14:29 | Crear | Villager (Male) |
| 14:58 | Construir | Market |
| 15:03 | Construir | Blacksmith |
| 15:06 | Crear | Villager (Male) |
| 15:07 | Crear | Villager (Male) |
| 15:07 | Crear | Villager (Male) |
| 15:13 | Construir | Stone Wall |
| 15:44 | Construir | Farm |
| 15:46 | Construir | Farm |
| 15:48 | Construir | Farm |
| 15:49 | Construir | Farm |
| 15:50 | Construir | Farm |
| 16:05 | Construir | Farm |
| 16:16 | Crear | Villager (Male) |
| 16:17 | Crear | Villager (Male) |
| 16:17 | Crear | Villager (Male) |
| 16:17 | Crear | Villager (Male) |
| 16:23 | Construir | Farm |
| 16:27 | Construir | Farm |
| 16:50 | Construir | Stone Wall |
| 16:56 | Construir | Outpost |
| 17:02 | Crear | Villager (Male) |
| 17:02 | Crear | Villager (Male) |
| 17:03 | Crear | Villager (Male) |
| 17:03 | Crear | Villager (Male) |
| 17:03 | Crear | Villager (Male) |
| 17:04 | Crear | Villager (Male) |
| 17:04 | Crear | Villager (Male) |
| 17:13 | Crear | Trade Cart |
| 17:13 | Crear | Trade Cart |
| 17:46 | Crear | Trade Cart |
| 18:00 | Crear | Villager (Male) |
| 18:28 | Construir | Outpost |
| 18:32 | Construir | Farm |
| 18:33 | Construir | Farm |
| 18:35 | Construir | Farm |
| 18:37 | Construir | Farm |
| 18:38 | Construir | Farm |
| 18:41 | Construir | Farm |
| 19:01 | Crear | Trade Cart |
| 19:18 | Construir | Farm |
| 19:19 | Construir | Farm |
| 19:51 | Construir | Outpost |
| 20:16 | Crear | Trade Cart |
| 20:16 | Crear | Trade Cart |
| 20:36 | Investigar | Castle Age |
| 20:45 | Construir | Farm |
| 20:47 | Construir | Farm |
| 20:55 | Construir | Farm |
| 20:56 | Construir | Mill |
| 21:00 | Construir | Farm |
| 21:10 | Crear | Trade Cart |
| 21:10 | Crear | Trade Cart |
| 21:15 | Investigar | Padded Archer Armor |
| 21:15 | Investigar | Fletching |
| 22:04 | Crear | Villager (Male) |
| 22:06 | Investigar | Castle Age |
| 22:30 | Crear | Trade Cart |
| 22:38 | Construir | House |
| 22:40 | Construir | House |
| 23:04 | Investigar | Scale Barding Armor |
| 23:06 | Investigar | Scale Mail Armor |
| 23:08 | Investigar | Forging |
| 23:29 | Construir | Farm |
| 23:56 | Crear | Trade Cart |
| 25:09 | Edad | Edad de los Castillos |
| 25:09 | Construir | Lumber Camp |
| 25:14 | Investigar | Hand Cart |
| 25:16 | Investigar | Heavy Plow |
| 25:18 | Investigar | Stone Shaft Mining |
| 25:20 | Investigar | Bow Saw |
| 25:24 | Investigar | Town Patrol |
| 25:34 | Construir | Town Center |
| 25:46 | Construir | Town Center |
| 25:51 | Construir | Town Center |
| 26:16 | Investigar | Caravan |
| 26:30 | Construir | Lumber Camp |
| 26:38 | Crear | Villager (Male) |
Build order — Brenolks
Primeras 150 de 623 acciones detectadas
| 0:01 | Crear | Villager (Male) |
| 0:02 | Crear | Villager (Male) |
| 0:02 | Crear | Villager (Male) |
| 0:02 | Crear | Villager (Male) |
| 0:02 | Crear | Villager (Male) |
| 0:04 | Construir | House |
| 0:05 | Construir | House |
| 0:09 | Investigar | Loom |
| 0:10 | Crear | Villager (Male) |
| 0:10 | Crear | Villager (Male) |
| 0:10 | Crear | Villager (Male) |
| 0:10 | Crear | Villager (Male) |
| 0:11 | Crear | Villager (Male) |
| 1:47 | Construir | Palisade Wall |
| 2:31 | Construir | Lumber Camp |
| 2:36 | Crear | Villager (Male) |
| 3:07 | Crear | Villager (Male) |
| 3:38 | Crear | Villager (Male) |
| 4:28 | Crear | Villager (Male) |
| 4:28 | Crear | Villager (Male) |
| 4:50 | Construir | House |
| 5:11 | Crear | Villager (Male) |
| 5:48 | Crear | Villager (Male) |
| 6:10 | Crear | Villager (Male) |
| 6:20 | Construir | House |
| 6:29 | Crear | Villager (Male) |
| 6:46 | Crear | Villager (Male) |
| 7:09 | Crear | Villager (Male) |
| 7:42 | Crear | Villager (Male) |
| 7:47 | Crear | Villager (Male) |
| 8:07 | Crear | Villager (Male) |
| 8:07 | Crear | Villager (Male) |
| 8:13 | Construir | House |
| 8:32 | Construir | Mill |
| 8:51 | Crear | Villager (Male) |
| 8:51 | Crear | Villager (Male) |
| 9:06 | Construir | Mill |
| 9:26 | Construir | Mill |
| 10:31 | Investigar | Feudal Age |
| 10:56 | Construir | Mining Camp |
| 11:09 | Crear | Villager (Male) |
| 11:09 | Crear | Villager (Male) |
| 11:39 | Investigar | Double-Bit Axe |
| 12:41 | Edad | Edad Feudal |
| 12:58 | Construir | Blacksmith |
| 13:05 | Crear | Villager (Male) |
| 13:16 | Construir | House |
| 13:56 | Construir | Lumber Camp |
| 14:03 | Crear | Villager (Male) |
| 14:03 | Crear | Villager (Male) |
| 14:42 | Crear | Villager (Male) |
| 14:53 | Construir | Market |
| 15:25 | Construir | Mining Camp |
| 15:29 | Investigar | Stone Mining |
| 15:29 | Investigar | Gold Mining |
| 15:38 | Construir | House |
| 15:42 | Crear | Villager (Male) |
| 15:45 | Investigar | Wheelbarrow |
| 16:08 | Investigar | Castle Age |
| 16:10 | Investigar | Town Watch |
| 16:20 | Construir | Barracks |
| 16:32 | Construir | Stone Wall |
| 16:59 | Construir | Mining Camp |
| 17:07 | Investigar | Stone Shaft Mining |
| 17:50 | Construir | Farm |
| 17:52 | Construir | Farm |
| 17:55 | Construir | Farm |
| 18:07 | Construir | Farm |
| 18:10 | Construir | Farm |
| 18:15 | Construir | Farm |
| 18:18 | Construir | Farm |
| 18:32 | Crear | Trade Cart |
| 18:48 | Edad | Edad de los Castillos |
| 18:54 | Construir | Town Center |
| 19:11 | Construir | Town Center |
| 19:17 | Crear | Villager (Male) |
| 19:18 | Crear | Villager (Male) |
| 19:18 | Crear | Villager (Male) |
| 19:18 | Crear | Villager (Male) |
| 19:18 | Crear | Villager (Male) |
| 19:18 | Crear | Villager (Male) |
| 19:38 | Construir | Gate |
| 20:14 | Investigar | Bow Saw |
| 20:18 | Crear | Villager (Male) |
| 20:18 | Crear | Villager (Male) |
| 20:19 | Crear | Villager (Male) |
| 20:40 | Crear | Villager (Male) |
| 20:53 | Construir | Farm |
| 21:01 | Construir | Farm |
| 21:10 | Construir | Farm |
| 21:21 | Crear | Villager (Male) |
| 21:21 | Crear | Villager (Male) |
| 21:26 | Crear | Villager (Male) |
| 21:31 | Crear | Villager (Male) |
| 21:48 | Construir | Castle |
| 22:05 | Construir | Monastery |
| 22:18 | Construir | University |
| 22:28 | Construir | House |
| 22:35 | Crear | Villager (Male) |
| 22:38 | Crear | Villager (Male) |
| 22:42 | Investigar | Wheelbarrow |
| 22:49 | Construir | Farm |
| 22:53 | Construir | Farm |
| 23:00 | Crear | Villager (Male) |
| 23:08 | Construir | Farm |
| 23:11 | Construir | Farm |
| 23:16 | Crear | Villager (Male) |
| 23:16 | Crear | Villager (Male) |
| 23:19 | Construir | Farm |
| 23:36 | Crear | Villager (Male) |
| 23:37 | Crear | Villager (Male) |
| 23:43 | Construir | Farm |
| 23:46 | Construir | Farm |
| 23:51 | Construir | Farm |
| 24:03 | Investigar | Horse Collar |
| 24:06 | Crear | Villager (Male) |
| 24:11 | Crear | Villager (Male) |
| 24:25 | Construir | Farm |
| 24:28 | Construir | Farm |
| 24:31 | Construir | Farm |
| 24:40 | Crear | Villager (Male) |
| 24:40 | Crear | Villager (Male) |
| 24:45 | Crear | Villager (Male) |
| 24:48 | Crear | Villager (Male) |
| 24:56 | Crear | Monk |
| 25:03 | Construir | Farm |
| 25:07 | Crear | Villager (Male) |
| 25:09 | Crear | Villager (Male) |
| 25:13 | Crear | Villager (Male) |
| 25:16 | Construir | Farm |
| 25:19 | Construir | Farm |
| 25:22 | Construir | Farm |
| 25:26 | Construir | Farm |
| 25:30 | Construir | Farm |
| 25:33 | Crear | Villager (Male) |
| 25:33 | Crear | Villager (Male) |
| 25:33 | Crear | Villager (Male) |
| 25:55 | Investigar | Hand Cart |
| 26:00 | Construir | House |
| 26:04 | Construir | House |
| 26:13 | Crear | Villager (Male) |
| 26:13 | Crear | Villager (Male) |
| 26:19 | Crear | Villager (Male) |
| 26:25 | Crear | Villager (Male) |
| 26:25 | Crear | Villager (Male) |
| 26:32 | Construir | Farm |
| 26:35 | Construir | Farm |
| 26:39 | Construir | Farm |
| 26:41 | Construir | Farm |
| 26:46 | Investigar | Heavy Plow |
Build order — frog
Primeras 150 de 586 acciones detectadas
| 0:02 | Crear | Villager (Male) |
| 0:02 | Crear | Villager (Male) |
| 0:03 | Crear | Villager (Male) |
| 0:04 | Construir | House |
| 0:08 | Construir | House |
| 0:09 | Construir | House |
| 0:20 | Crear | Villager (Male) |
| 0:21 | Crear | Villager (Male) |
| 1:32 | Crear | Villager (Male) |
| 1:32 | Crear | Villager (Male) |
| 1:57 | Crear | Villager (Male) |
| 1:58 | Crear | Villager (Male) |
| 2:24 | Crear | Villager (Male) |
| 2:24 | Crear | Villager (Male) |
| 2:51 | Construir | Mill |
| 3:12 | Crear | Villager (Male) |
| 3:13 | Crear | Villager (Male) |
| 3:43 | Crear | Villager (Male) |
| 3:43 | Crear | Villager (Male) |
| 3:43 | Crear | Villager (Male) |
| 4:26 | Crear | Villager (Male) |
| 4:26 | Crear | Villager (Male) |
| 4:42 | Construir | Lumber Camp |
| 5:20 | Crear | Villager (Male) |
| 5:21 | Crear | Villager (Male) |
| 5:43 | Crear | Villager (Male) |
| 5:43 | Crear | Villager (Male) |
| 5:48 | Construir | House |
| 5:50 | Construir | House |
| 5:59 | Crear | Villager (Male) |
| 5:59 | Crear | Villager (Male) |
| 6:00 | Crear | Villager (Male) |
| 6:06 | Crear | Villager (Male) |
| 6:07 | Crear | Villager (Male) |
| 6:10 | Construir | House |
| 7:00 | Construir | Farm |
| 7:01 | Construir | Farm |
| 7:02 | Construir | Farm |
| 7:04 | Crear | Villager (Male) |
| 7:04 | Crear | Villager (Male) |
| 7:05 | Crear | Villager (Male) |
| 7:12 | Construir | Farm |
| 7:16 | Construir | Farm |
| 8:29 | Crear | Villager (Male) |
| 8:47 | Construir | Farm |
| 8:50 | Construir | Farm |
| 8:51 | Construir | Farm |
| 8:52 | Construir | Farm |
| 8:54 | Construir | Farm |
| 8:55 | Construir | Farm |
| 9:04 | Crear | Villager (Male) |
| 9:09 | Crear | Villager (Male) |
| 9:09 | Crear | Villager (Male) |
| 9:10 | Crear | Villager (Male) |
| 9:10 | Crear | Villager (Male) |
| 9:10 | Crear | Villager (Male) |
| 9:10 | Crear | Villager (Male) |
| 9:10 | Crear | Villager (Male) |
| 9:11 | Crear | Villager (Male) |
| 9:11 | Crear | Villager (Male) |
| 9:51 | Crear | Villager (Male) |
| 10:05 | Construir | Mining Camp |
| 10:19 | Investigar | Feudal Age |
| 11:18 | Construir | Barracks |
| 12:04 | Construir | Mining Camp |
| 12:31 | Edad | Edad Feudal |
| 12:31 | Investigar | Wheelbarrow |
| 12:33 | Investigar | Horse Collar |
| 12:36 | Investigar | Double-Bit Axe |
| 12:38 | Crear | Villager (Male) |
| 12:39 | Crear | Villager (Male) |
| 12:44 | Construir | Archery Range |
| 12:57 | Construir | Blacksmith |
| 13:15 | Construir | Stone Wall |
| 14:27 | Crear | Villager (Male) |
| 14:52 | Construir | Stone Wall |
| 14:54 | Construir | Stone Wall |
| 15:06 | Crear | Villager (Male) |
| 15:16 | Crear | Villager (Male) |
| 16:01 | Construir | House |
| 16:08 | Construir | Market |
| 16:13 | Construir | House |
| 16:15 | Construir | House |
| 16:16 | Construir | House |
| 16:19 | Crear | Villager (Male) |
| 16:47 | Crear | Villager (Male) |
| 17:05 | Investigar | Castle Age |
| 17:35 | Investigar | Stone Mining |
| 17:48 | Crear | Trade Cart |
| 18:01 | Investigar | Gold Mining |
| 19:12 | Construir | Mining Camp |
| 19:15 | Construir | Farm |
| 19:17 | Construir | Farm |
| 19:25 | Construir | Farm |
| 19:48 | Crear | Trade Cart |
| 19:52 | Edad | Edad de los Castillos |
| 19:53 | Investigar | Hand Cart |
| 19:53 | Investigar | Hand Cart |
| 20:05 | Construir | Town Center |
| 20:28 | Construir | Town Center |
| 20:36 | Crear | Villager (Male) |
| 20:36 | Crear | Villager (Male) |
| 20:43 | Crear | Villager (Male) |
| 20:54 | Construir | Castle |
| 21:01 | Crear | Villager (Male) |
| 21:01 | Crear | Villager (Male) |
| 21:01 | Crear | Villager (Male) |
| 21:08 | Crear | Villager (Male) |
| 21:21 | Construir | Farm |
| 21:23 | Construir | Farm |
| 21:25 | Construir | Farm |
| 21:35 | Crear | Villager (Male) |
| 21:38 | Crear | Villager (Male) |
| 22:08 | Construir | Town Center |
| 22:19 | Construir | Farm |
| 22:21 | Crear | Villager (Male) |
| 22:21 | Crear | Villager (Male) |
| 22:29 | Construir | Farm |
| 22:33 | Crear | Villager (Male) |
| 22:34 | Crear | Villager (Male) |
| 22:39 | Construir | Farm |
| 22:39 | Construir | Farm |
| 22:39 | Construir | Farm |
| 22:40 | Construir | Farm |
| 22:40 | Construir | Farm |
| 22:40 | Construir | Farm |
| 22:41 | Construir | Farm |
| 22:41 | Construir | Farm |
| 22:41 | Construir | Farm |
| 22:41 | Construir | Farm |
| 22:45 | Crear | Villager (Male) |
| 22:56 | Crear | Villager (Male) |
| 23:07 | Crear | Villager (Male) |
| 23:17 | Crear | Villager (Male) |
| 23:27 | Construir | Farm |
| 23:29 | Construir | Farm |
| 23:30 | Construir | Farm |
| 23:36 | Crear | Villager (Male) |
| 23:44 | Crear | Villager (Male) |
| 24:05 | Construir | Siege Workshop |
| 24:28 | Investigar | Bow Saw |
| 24:43 | Investigar | Heavy Plow |
| 24:58 | Construir | Mining Camp |
| 25:03 | Crear | Villager (Male) |
| 25:05 | Crear | Villager (Male) |
| 25:07 | Crear | Villager (Male) |
| 25:09 | Crear | Villager (Male) |
| 25:12 | Crear | Villager (Male) |
| 25:14 | Crear | Villager (Male) |
| 25:21 | Crear | Villager (Male) ×5 |
Cronología de la partida
| 0:53 | BrunoPereira9 · wall_segment Palisade Wall x21 |
| 1:02 | lord_alien75 · wall_segment Palisade Wall x11 |
| 1:47 | Brenolks · wall_segment Palisade Wall x12 |
| 2:38 | lord_alien75 · wall_segment Palisade Wall x13 |
| 3:33 | BrunoPereira9 · wall_segment Palisade Wall x4 |
| 11:18 | frog · first_building Barracks |
| 12:31 | frog · age_up feudal |
| 12:41 | Brenolks · age_up feudal |
| 12:44 | frog · first_building Archery Range |
| 13:15 | frog · wall_segment Stone Wall x18 |
| 13:59 | lord_alien75 · age_up feudal |
| 14:08 | lord_alien75 · wall_segment Stone Wall x10 |
| 14:52 | frog · wall_segment Stone Wall x1 |
| 14:54 | frog · wall_segment Stone Wall x1 |
| 15:13 | lord_alien75 · wall_segment Stone Wall x9 |
| 15:45 | BrunoPereira9 · wall_segment Stone Wall x4 |
| 15:57 | BrunoPereira9 · wall_segment Stone Wall x11 |
| 16:20 | Brenolks · first_building Barracks |
| 16:32 | Brenolks · wall_segment Stone Wall x10 |
| 16:50 | lord_alien75 · wall_segment Stone Wall x13 |
| 17:50 | BrunoPereira9 · wall_segment Stone Wall x12 |
| 18:48 | Brenolks · age_up castle |
| 19:02 | Brenolks · first_market_buy 100 wood |
| 19:52 | frog · age_up castle |
| 20:54 | frog · first_building Castle |
| 21:48 | Brenolks · first_building Castle |
| 22:05 | Brenolks · first_building Monastery |
| 24:05 | frog · first_building Siege Workshop |
| 25:09 | lord_alien75 · age_up castle |
| 26:02 | frog · first_building Monastery |
| 26:57 | BrunoPereira9 · first_market_buy 100 stone |
| 27:14 | BrunoPereira9 · first_building Castle |
| 27:54 | BrunoPereira9 · first_building Monastery |
| 27:58 | lord_alien75 · first_building Monastery |
| 29:42 | Brenolks · first_building Siege Workshop |
| 30:24 | frog · first_building Stable |
| 30:49 | lord_alien75 · first_market_buy 100 food |
| 32:20 | lord_alien75 · first_building Castle |
| 32:43 | frog · age_up imperial |
| 33:28 | Brenolks · age_up imperial |
| 33:48 | lord_alien75 · first_building Barracks |
| 34:51 | BrunoPereira9 · wall_segment Stone Wall x2 |
| 35:04 | BrunoPereira9 · wall_segment Stone Wall x3 |
| 35:33 | BrunoPereira9 · wall_segment Stone Wall x12 |
| 35:47 | BrunoPereira9 · wall_segment Stone Wall x14 |
| 35:50 | Brenolks · first_building Archery Range |
| 35:55 | lord_alien75 · first_building Stable |
| 36:10 | BrunoPereira9 · wall_segment Stone Wall x12 |
| 36:15 | lord_alien75 · first_building Siege Workshop |
| 36:28 | BrunoPereira9 · first_building Siege Workshop |
| 36:46 | BrunoPereira9 · first_building Barracks |
| 37:23 | BrunoPereira9 · wall_segment Stone Wall x14 |
| 37:39 | lord_alien75 · age_up imperial |
| 37:46 | frog · wall_segment Stone Wall x16 |
| 38:37 | BrunoPereira9 · first_building Archery Range |
| 38:54 | Brenolks · wall_segment Stone Wall x10 |
| 38:58 | Brenolks · wall_segment Stone Wall x10 |
| 39:01 | Brenolks · wall_segment Stone Wall x12 |
| 39:22 | BrunoPereira9 · wall_segment Stone Wall x10 |
| 39:34 | BrunoPereira9 · wall_segment Stone Wall x12 |
| 43:38 | lord_alien75 · first_market_sell 100 food |
| 47:12 | lord_alien75 · wall_segment Palisade Wall x1 |
| 48:03 | lord_alien75 · wall_segment Stone Wall x6 |
| 48:05 | lord_alien75 · wall_segment Stone Wall x3 |
| 48:12 | frog · first_market_sell 100 wood |
| 48:30 | BrunoPereira9 · first_market_sell 100 food |
| 48:58 | lord_alien75 · wall_segment Stone Wall x1 |
| 49:04 | lord_alien75 · wall_segment Stone Wall x9 |
| 51:01 | Brenolks · wall_segment Stone Wall x14 |
| 56:19 | frog · wall_segment Stone Wall x16 |
| 56:33 | frog · wall_segment Stone Wall x15 |
| 59:55 | lord_alien75 · first_building Archery Range |
| 59:59 | frog · wall_segment Stone Wall x8 |
| 60:54 | Brenolks · wall_segment Stone Wall x12 |
| 65:09 | lord_alien75 · wall_segment Palisade Wall x1 |
| 73:12 | Brenolks · first_building Stable |
| 77:24 | frog · wall_segment Stone Wall x12 |
| 78:53 | frog · wall_segment Stone Wall x9 |
| 82:54 | BrunoPereira9 · resign |
[ ANÁLISIS IA · 1 CRÉDITO ]
¿Qué pasó realmente en esta partida?
Wolo.gg analiza cada decisión: build order, eco, micro, errores típicos por bracket. Análisis personalizado por WhatsApp o Discord en 30 segundos.
Guía civ
Bohemios
Perfil
Jugador #23078684